 Dungeon Crawl Stone Soup version 0.30.1-4-g462c640d31 (webtiles) character file.

Game seed: 3103815287383176598

3 Danienth the Grave Robber (level 1, 0/13 HPs)
             Began as a Demonspawn Necromancer on Sept 9, 2023.
             Slain by a kobold
             ... wielding a +0 club
              (4 damage)
             ... on level 1 of the Dungeon.
             The game lasted 00:01:17 (101 turns).

Danienth the Grave Robber (Demonspawn Necromancer)   Turns: 101, Time: 00:01:19

Health: 0/13       AC:  2    Str:  8    XL:     1   Next: 41%
Magic:  0/3        EV: 12    Int: 16    God:
Gold:   0          SH:  0    Dex: 13    Spells: 3/4 levels left

rFire   . . .        (no weapon)
rCold   . . .        (no shield)
rNeg    . . .        a - +0 robe
rPois   .            (no helmet)
rElec   .            (no cloak)
rCorr   .            (no gloves)
SInv    .            (no boots)
Will    .....        (no amulet)
Stlth   ++           (no ring)
HPRegen 0.22/turn    (no ring)
MPRegen 0.08/turn

%: no passive effects
@: no status effects
A: no striking features
a: no special abilities


You were on level 1 of the Dungeon.
You visited 1 branch of the dungeon, and saw 1 of its levels.

Inventory:

Armour
 a - a +0 robe (worn)


   Skills:
 + Level 1.7 Dodging
 + Level 1.7 Stealth
 + Level 2.0 Spellcasting
 + Level 4.5 Necromancy


You had 3 spell levels left.
You knew the following spells:

 Your Spells              Type           Power      Damage    Failure   Level
a - Necrotise             Necr           64%        1d7       3%          1

Your spell library contained the following spells:

 Spells                   Type           Power      Damage    Failure   Level
 Vampiric Draining        Necr           16%        2d7       10%         3
 Animate Dead             Necr           16%        N/A       30%         4
 Agony                    Necr           16%        N/A       65%         5


Dungeon Overview and Level Annotations

Branches:
Dungeon (1/15)

Altars:


Message History

Aim: a kobold, wielding a +0 club (severely wounded, chance to affect: 85%)
The kobold writhes in agony.
You kill the kobold!
The dead are walking!
The frilled lizard bites you.
The kobold throws a stone.
The stone closely misses you. The rat bites you but does no damage.
Magic courses through your body. The frilled lizard barely misses you.
The rat bites you.
Casting: Necrotise (safe; 3% risk of failure)
Confirm with . or Enter, or press ? or * to list all spells.
Aiming: Necrotise (safe; 3% risk of failure)
Press: ? - help, Shift-Dir - straight line, f - frilled lizard
Aim: a frilled lizard (chance to affect: 86%)
The frilled lizard barely resists.
Your kobold skeleton closely misses the rat.
The frilled lizard bites you. The rat barely misses you.
Casting: Necrotise (safe; 3% risk of failure)
Confirm with . or Enter, or press ? or * to list all spells.
Aiming: Necrotise (safe; 3% risk of failure)
Press: ? - help, Shift-Dir - straight line, f/p - frilled lizard
Aim: a frilled lizard (chance to affect: 86%)
The frilled lizard writhes in agony.
You kill the frilled lizard!
The dead are walking!
Your kobold skeleton barely misses the rat.
The rat barely misses you. The kobold hits you with a +0 club.
Casting: Necrotise (safe; 3% risk of failure)
Confirm with . or Enter, or press ? or * to list all spells.
Aiming: Necrotise (safe; 3% risk of failure)
Press: ? - help, Shift-Dir - straight line, f - kobold
Aim: a kobold, wielding a +0 club and quivering stones (ally target, chance to affect: 86%)
The kobold barely resists.
Your kobold skeleton barely misses the rat.
The rat bites you. The kobold barely misses you.
Attack: -) Nothing wielded
Press: ? - help, Dir - move target, f/p - kobold
Aim: a kobold, wielding a +0 club and quivering stones (ally target, about 53% to evade your hands)
You barely miss the kobold.
Your kobold skeleton hits the rat but does no damage.
The kobold hits you with a +0 club.
You die...

..........# ..........#
..........# ..........#
..........############
......Z...............
#......r...........####.
#...K@................
#..Z....#.............
##.####.###.####.####. #
#.# #.# #.####. ... #.#
#...... .#....# #......
.. ##..####...... ##
##...##......
#.#.##......


You could see a kobold (ally target), a rat (ally target), a friendly frilled
lizard skeleton and a friendly kobold skeleton.

Vanquished Creatures
  A kobold (D:1)
  A bat (D:1)
  A frilled lizard (D:1)
  A rat (D:1)
4 creatures vanquished.

Notes
Turn   | Place    | Note
-------+----------+-------------------------------------------
     0 | D:1      | Danienth the Demonspawn Necromancer began the quest for the
                  | Orb.
     0 | D:1      | Reached XP level 1. HP: 13/13 MP: 3/3
   101 | D:1      | Slain by a kobold

Illustrated notes

Levels and vault maps discovered:
D:1:      heliophobic_arrival_henge, layout_basic,
          shapermc_ecumenical_altar_pompeii, serial_park_tiny_2

Action                     || total
---------------------------++-------
  Melee: Unarmed           ||     1
   Cast: Necrotise         ||    10
    Use: Potion            ||     1
 Armour: Robe              ||     1
  Dodge: Dodged            ||     9
